[Event "VIII Iberoamericano Mexico 2022"]
[Site "Mexico City"]
[Date "2022.02.16"]
[Round "5.24"]
[White "Galaviz Medina, Sion Radamantys"]
[Black "Zacarias Rodriguez, Santiago"]
[Result "1-0"]
[ECO "E90"]
[WhiteElo "2374"]
[BlackElo "1896"]
[Annotator "ChessBase"]
[PlyCount "79"]
[EventDate "2022.02.12"]
[EventType "swiss"]
[EventCountry "MEX"]
[SourceTitle "playchess.com"]
[Source "ChessBase"]
[SourceQuality "1"]
[TimeControl "5400+30"]

1. d4 Nf6 2. c4 c5 3. d5 d6 4. Nc3 g6 5. e4 Bg7 6. Bd3 O-O 7. h3 e6 8. Nf3 Nbd7 9. Bf4 e5 10. Be3 h6 11. g4 Nh7 12. Qd2 Qf6 13. Ke2 Qe7 14. Bxh6 Bxh6 15. Qxh6 Rd8 16. Rag1 Qf8 17. Qc1 Ndf6 18. Nd1 b5 19. cxb5 c4 20. Qxc4 Bd7 21. a4 Rac8 22. Qb4 Rc1 23. Ne3 Rxg1 24. Rxg1 Rc8 25. Nc4 Rc5 26. Na5 Qb8 27. Nb3 Rc8 28. a5 Re8 29. Kd2 Qb7 30. g5 Nxd5 31. Qxd6 Bxb5 32. Nc5 Qc8 33. Bxb5 Rd8 34. Bd7 Nf8 35. Nxe5 Nxd7 36. Ncxd7 Qb7 37. Qxd5 Qxb2+ 38. Ke3 Qa3+ 39. Kf4 Qe7 40. Nc6 1-0

[Event "VIII Iberoamericano Mexico 2022"]
[Site "Mexico City"]
[Date "2022.02.16"]
[Round "5.25"]
[White "Martin Del Campo C., Jorge"]
[Black "Noboa Silva, Kevin"]
[Result "0-1"]
[ECO "A23"]
[WhiteElo "2019"]
[BlackElo "2331"]
[Annotator "ChessBase"]
[PlyCount "76"]
[EventDate "2022.02.12"]
[EventType "swiss"]
[EventCountry "MEX"]
[SourceTitle "playchess.com"]
[Source "ChessBase"]
[SourceQuality "1"]
[TimeControl "5400+30"]

1. c4 Nf6 2. Nc3 c5 3. g3 e6 4. Bg2 d5 5. cxd5 exd5 6. d4 cxd4 7. Qxd4 Nc6 8. Qd1 d4 9. Ne4 Be7 10. Nxf6+ Bxf6 11. Nf3 O-O 12. O-O Re8 13. Re1 Bf5 14. Qb3 Be4 15. Bd2 Bd5 16. Qa3 Qb6 17. Rac1 Rad8 18. b3 h6 19. Kf1 Be7 20. Qa4 Bf8 21. Nh4 Re5 22. Bxd5 Rexd5 23. Nf3 Qc7 24. Qc4 Qd7 25. Kg2 Ba3 26. Rcd1 d3 27. e4 Rh5 28. h4 b5 29. Qc3 Rc5 30. Qa1 Rc2 31. Bc3 Qg4 32. Re3 Bc5 33. Bd2 Bxe3 34. Bxe3 Qxe4 35. Rd2 Rxd2 36. Bxd2 Nd4 37. Qd1 Rd5 38. Be3 Nxf3 0-1

[Event "VIII Iberoamericano Mexico 2022"]
[Site "Mexico City"]
[Date "2022.02.16"]
[Round "5.26"]
[White "Flores Guerrero, Jesus Aldair"]
[Black "Ramirez Toledo, Ayleen Maribel"]
[Result "0-1"]
[ECO "A02"]
[WhiteElo "2251"]
[BlackElo "1810"]
[Annotator "ChessBase"]
[PlyCount "86"]
[EventDate "2022.02.12"]
[EventType "swiss"]
[EventCountry "MEX"]
[SourceTitle "playchess.com"]
[Source "ChessBase"]
[SourceQuality "1"]
[TimeControl "5400+30"]

1. f4 Nf6 2. Nf3 g6 3. b3 Bg7 4. Bb2 O-O 5. g3 d6 6. Qc1 c5 7. Bg2 Nc6 8. O-O Bd7 9. d3 Qc7 10. e4 Rab8 11. h3 e5 12. fxe5 dxe5 13. g4 Nd4 14. Re1 b5 15. Nbd2 Ne8 16. c3 Ne6 17. Nf1 Nf4 18. Qe3 Qc8 19. d4 cxd4 20. cxd4 Qc2 21. Qd2 Qxd2 22. N1xd2 Nd3 23. Re3 Nxb2 24. dxe5 Rc8 25. Rb1 Rc2 26. Kf2 Nc7 27. Kg3 Ne6 28. Nf1 a5 29. Ne1 Bxe5+ 30. Kh4 Rc3 31. Nf3 Rxe3 32. Nxe3 Bf6+ 33. g5 Nxg5 34. Nxg5 h6 35. Kg3 Bxg5 36. Nc2 Nd3 37. Rd1 Ne5 38. Rd5 Rc8 39. Nd4 Rc3+ 40. Kh2 Bf4+ 41. Kg1 Be3+ 42. Kh2 Bxd4 43. Rxd4 Rd3 0-1

[Event "VIII Iberoamericano Mexico 2022"]
[Site "Mexico City"]
[Date "2022.02.16"]
[Round "5.27"]
[White "Fernandez Rivero, Karla July"]
[Black "Martin Del Campo Cardenas, Roberto Abel"]
[Result "0-1"]
[ECO "E91"]
[WhiteElo "2025"]
[BlackElo "2250"]
[Annotator "ChessBase"]
[PlyCount "99"]
[EventDate "2022.02.12"]
[EventType "swiss"]
[EventCountry "MEX"]
[SourceTitle "playchess.com"]
[Source "ChessBase"]
[SourceQuality "1"]
[TimeControl "5400+30"]

1. d4 Nf6 2. c4 d6 3. Nf3 g6 4. Nc3 Bg7 5. e4 O-O 6. Be2 Bg4 7. Bg5 Nfd7 8. Qd2 Nc6 9. Be3 Bxf3 10. Bxf3 e5 11. d5 Nd4 12. Be2 c5 13. dxc6 bxc6 14. O-O Rb8 15. Rab1 a5 16. Bd1 Nb6 17. Be2 Qe7 18. b3 Rfd8 19. Kh1 Ra8 20. f4 Nd7 21. f5 gxf5 22. exf5 Nc5 23. Rbe1 d5 24. cxd5 cxd5 25. Bxd4 exd4 26. Nb5 Ne4 27. Qd3 Qe5 28. a4 Rac8 29. Rd1 Rc6 30. f6 Rxf6 31. Rxf6 Qxf6 32. Qxd4 Qxd4 33. Rxd4 Bxd4 34. Nxd4 Rc8 35. g3 Rc3 36. Bb5 Nc5 37. Nc6 Rxb3 38. Ne7+ Kg7 39. Nxd5 Ra3 40. Nb6 Ra2 41. Kg1 Kf6 42. h3 Ke5 43. Nc4+ Ke4 44. Nxa5 Kf3 45. Nc4 Kxg3 46. Kf1 Nxa4 47. Bd7 Nc3 48. Ke1 f5 49. Bxf5 Ra1+ 50. Kd2 0-1

[Event "VIII Iberoamericano Mexico 2022"]
[Site "Mexico City"]
[Date "2022.02.16"]
[Round "5.28"]
[White "Jorajuria Mendoza, Algol"]
[Black "Tapie Amione, Pablo Adib"]
[Result "1/2-1/2"]
[ECO "B12"]
[WhiteElo "2006"]
[BlackElo "2241"]
[Annotator "ChessBase"]
[PlyCount "86"]
[EventDate "2022.02.12"]
[EventType "swiss"]
[EventCountry "MEX"]
[SourceTitle "playchess.com"]
[Source "ChessBase"]
[SourceQuality "1"]
[TimeControl "5400+30"]

1. e4 c6 2. d4 d5 3. e5 Bf5 4. h4 Qc8 5. Bd3 Bxd3 6. Qxd3 e6 7. c3 b6 8. Nf3 Qa6 9. Ke2 Ne7 10. h5 h6 11. Be3 Nf5 12. Nbd2 c5 13. Qxa6 Nxa6 14. Bf4 Ne7 15. g4 Rc8 16. b3 Nc6 17. a3 Nc7 18. Rhc1 cxd4 19. Nxd4 Nxd4+ 20. cxd4 Kd7 21. b4 Be7 22. Kd3 Nb5 23. a4 Rxc1 24. Rxc1 Na3 25. b5 Bb4 26. Nf1 Nc4 27. Rc2 a6 28. Ne3 axb5 29. axb5 Na3 30. Rb2 Be7 31. Nc2 Nxc2 32. Rxc2 Ra8 33. Bd2 Ra3+ 34. Rc3 Ra5 35. Rb3 Ra1 36. f3 Ra4 37. Rb1 Ra3+ 38. Bc3 Bd8 39. Kc2 Ra2+ 40. Rb2 Ra1 41. Rb1 Ra2+ 42. Rb2 Ra1 43. Rb1 Ra2+ 1/2-1/2

[Event "VIII Iberoamericano Mexico 2022"]
[Site "Mexico City"]
[Date "2022.02.16"]
[Round "5.29"]
[White "Cortes Rodriguez, Marco"]
[Black "Chinchilla Miranda, Eugenio"]
[Result "0-1"]
[ECO "A09"]
[WhiteElo "2001"]
[BlackElo "2193"]
[Annotator "NA"]
[PlyCount "124"]
[EventDate "2022.02.12"]
[EventType "swiss"]
[EventCountry "MEX"]
[SourceTitle "playchess.com"]
[Source "ChessBase"]
[SourceQuality "1"]
[TimeControl "5400+30"]

1. Nf3 d5 2. c4 d4 3. g3 Nc6 4. Bg2 e5 5. d3 Bb4+ 6. Nbd2 a5 7. O-O Nf6 8. a3 Bc5 9. Nb3 Bd6 10. Rb1 O-O 11. Bg5 h6 12. Bc1 Re8 13. Nfd2 Bf5 14. Ne4 Nxe4 15. dxe4 Be6 16. Qd3 a4 17. Nd2 Na5 18. Rd1 Bc5 19. f4 f6 20. f5 Bf7 21. g4 Qd6 22. h4 Qa6 23. g5 fxg5 24. hxg5 hxg5 25. Qg3 d3+ $19 ({Worse is} 25... Nxc4 26. Nxc4 Bxc4 27. Bxg5 $17) 26. e3 Nxc4 27. Nxc4 Bxc4 28. Qxg5 Qh6 29. Qxh6 gxh6 30. Bd2 Kf7 31. Kf2 Be7 32. Rh1 Bg5 33. Bf3 Kf6 34. Rbc1 b5 35. Rc3 Rg8 36. Bh5 c5 37. Rcc1 Ke7 38. Kf3 Rac8 39. Rh2 Rc6 40. Bc3 Kf6 41. Bg4 Bb3 42. Rch1 Rh8 43. Rh5 Rcc8 44. Kf2 Rb8 45. Rc1 b4 46. Bd2 Bc2 47. Rhh1 bxa3 48. bxa3 Rb2 49. Ra1 Bb3 50. Ke1 Rd8 51. Bd1 Bxd1 52. Kxd1 Rdb8 53. Rc1 R8b5 54. Rc4 Rb1+ 55. Rc1 c4 56. Bb4 Rxc1+ 57. Kxc1 Bxe3+ 58. Kb2 Bd4+ 59. Kc1 c3 60. Rxh6+ Kg5 61. Rh3 Rxb4 62. axb4 a3 0-1

[Event "VIII Iberoamericano Mexico 2022"]
[Site "Mexico City"]
[Date "2022.02.16"]
[Round "5.30"]
[White "Encinas Varela, David"]
[Black "Hernandez Jimenez, Alexander Andres"]
[Result "1-0"]
[ECO "C55"]
[WhiteElo "1862"]
[BlackElo "2167"]
[Annotator "ChessBase"]
[PlyCount "82"]
[EventDate "2022.02.12"]
[EventType "swiss"]
[EventCountry "MEX"]
[SourceTitle "playchess.com"]
[Source "ChessBase"]
[SourceQuality "1"]
[TimeControl "5400+30"]

1. e4 e5 2. Nf3 Nc6 3. Bc4 Nf6 4. d3 h6 5. O-O d6 6. h3 g6 7. Nc3 Bg7 8. Be3 O-O 9. Qd2 Kh7 10. d4 Nxe4 11. Nxe4 d5 12. Bxd5 Qxd5 13. Bxh6 Nxd4 14. Nxd4 Qxe4 15. Bxg7 Kxg7 16. Ne2 b6 17. Ng3 Qf4 18. Qc3 Qd4 19. Qxc7 Ba6 20. c3 Qc5 21. Qxc5 bxc5 22. Rfd1 Rab8 23. b3 Rfd8 24. Ne4 c4 25. b4 Bb5 26. Nd6 Ba4 27. Rd2 a5 28. a3 Bb3 29. Re1 f6 30. f4 axb4 31. axb4 exf4 32. Re4 Ra8 33. Rxf4 f5 34. Rfd4 Ra1+ 35. Kh2 Rf8 36. Nxc4 Rc8 37. Rd7+ Kh6 38. Ne5 Rxc3 39. R2d6 Kg5 40. Nxg6 Re1 41. h4+ Kg4 1-0

[Event "VIII Iberoamericano Mexico 2022"]
[Site "Mexico City"]
[Date "2022.02.16"]
[Round "5.31"]
[White "Luna Javier, Edgar Froylan"]
[Black "Macias Zamora, Jose Armando"]
[Result "1-0"]
[ECO "D13"]
[WhiteElo "2148"]
[BlackElo "1488"]
[Annotator "NA"]
[PlyCount "73"]
[EventDate "2022.02.12"]
[EventType "swiss"]
[EventCountry "MEX"]
[SourceTitle "playchess.com"]
[Source "ChessBase"]
[SourceQuality "1"]
[TimeControl "5400+30"]

1. d4 d5 2. Nf3 Nf6 3. Bf4 c5 4. c3 cxd4 5. cxd4 Qb6 6. Qb3 Nc6 7. Nc3 e6 8. e3 Qxb3 9. axb3 Bb4 10. Bd3 Nh5 11. Bg5 h6 12. Bh4 g5 13. Bg3 $15 O-O 14. Be5 g4 15. Nd2 Nxe5 16. dxe5 f5 17. g3 Ng7 18. h3 h5 19. hxg4 hxg4 20. Ke2 Bd7 21. Rh6 Bc6 22. Nb5 Bxb5 23. Bxb5 a6 24. Bd7 Kf7 25. Rc1 Ba5 26. b4 Bb6 27. Nb3 Ke7 28. Rh7 Rf7 29. Ba4 Ne8 30. Rh8 Rf8 31. Rh7+ Rf7 32. Rh8 Rf8 33. Rch1 Ng7 34. R8h7 Rg8 35. R1h6 Bc7 36. Nc5 Bxe5 37. Rxe6+ 1-0

[Event "VIII Iberoamericano Mexico 2022"]
[Site "Mexico City"]
[Date "2022.02.16"]
[Round "5.33"]
[White "Hernandez Yescas, Miguel Alejandro"]
[Black "Lopez Gonzalez, Abel Fabian"]
[Result "0-1"]
[ECO "B12"]
[WhiteElo "1976"]
[BlackElo "2379"]
[Annotator "RC"]
[PlyCount "98"]
[EventDate "2022.02.12"]
[EventType "swiss"]
[EventCountry "MEX"]
[SourceTitle "playchess.com"]
[Source "ChessBase"]
[SourceQuality "1"]
[TimeControl "5400+30"]

1. e4 c6 2. d4 d5 3. e5 Bf5 4. Nf3 e6 5. Be2 c5 6. O-O Nc6 7. Nc3 a6 8. Be3 Nge7 9. h3 cxd4 10. Bxd4 Nxd4 11. Nxd4 Bg6 12. Kh1 Nc6 13. f4 Bc5 14. Nxc6 bxc6 15. Bd3 Qh4 16. Qf3 O-O 17. Na4 Bd4 18. Rad1 Ba7 19. b4 f6 20. Bxg6 hxg6 21. exf6 Rxf6 22. Qe2 Bb8 23. Nc5 Ra7 24. Qg4 Qxg4 25. hxg4 Bxf4 26. Nxe6 Be5 27. Nc5 a5 28. Nd3 Bc3 29. a3 axb4 30. Nxb4 Re6 31. Rf3 Rxa3 32. Nd3 Ra1 33. Rxa1 Bxa1 34. Rf1 Bd4 35. Nf4 Rf6 36. g5 Rf5 37. g4 Rxg5 38. Ne6 Rxg4 39. Rf8+ Kh7 40. Rc8 Bf6 41. Nf8+ Kg8 42. Nxg6+ Kf7 43. Nh8+ Ke7 44. Rg8 Rc4 45. Rb8 Rxc2 46. Ng6+ Ke6 47. Rc8 Kf5 48. Nf8 d4 49. Rc7 d3 0-1

[Event "VIII Iberoamericano Mexico 2022"]
[Site "Mexico City"]
[Date "2022.02.16"]
[Round "5.34"]
[White "Castellanos Hernandez, Emilio Au"]
[Black "Garcia Guerrero, Isaac Antonio"]
[Result "1/2-1/2"]
[ECO "A00"]
[WhiteElo "1939"]
[BlackElo "2338"]
[Annotator "ChessBase"]
[PlyCount "42"]
[EventDate "2022.02.12"]
[EventType "swiss"]
[EventCountry "MEX"]
[SourceTitle "playchess.com"]
[Source "ChessBase"]
[SourceQuality "1"]
[TimeControl "5400+30"]

1. Nc3 c5 2. Nf3 g6 3. d4 cxd4 4. Nxd4 Bg7 5. g3 Nc6 6. Nxc6 bxc6 7. Bg2 Rb8 8. O-O Nf6 9. b3 Qc7 10. Bb2 O-O 11. e4 d6 12. Qe2 Nd7 13. Na4 Bxb2 14. Nxb2 Nc5 15. Qe3 Ba6 16. Rfd1 Qb6 17. c4 Ne6 18. Qxb6 Rxb6 19. e5 dxe5 20. Na4 Rbb8 21. Nb6 axb6 1/2-1/2

[Event "VIII Iberoamericano Mexico 2022"]
[Site "Mexico City"]
[Date "2022.02.16"]
[Round "5.35"]
[White "Miranda Llanes, Yerisbel"]
[Black "Moran Velez, Francisco R"]
[Result "1-0"]
[ECO "D35"]
[WhiteElo "2261"]
[BlackElo "1931"]
[Annotator "ChessBase"]
[PlyCount "85"]
[EventDate "2022.02.12"]
[EventType "swiss"]
[EventCountry "MEX"]
[SourceTitle "playchess.com"]
[Source "ChessBase"]
[SourceQuality "1"]
[TimeControl "5400+30"]

1. d4 d5 2. c4 e6 3. Nc3 Nf6 4. cxd5 exd5 5. Bg5 Be7 6. e3 O-O 7. Bd3 Be6 8. Bf4 c5 9. dxc5 Nbd7 10. Nf3 Nxc5 11. Be2 Rc8 12. O-O Nce4 13. Be5 Bd6 14. Bd4 Nxc3 15. Bxc3 Ne4 16. Bd4 Bb8 17. Qb3 Bg4 18. Rad1 Ng5 19. Rfe1 Nxf3+ 20. Bxf3 Bxf3 21. gxf3 Qg5+ 22. Kf1 Bxh2 23. Ke2 Qf5 24. Bc3 Rfd8 25. Qxb7 Be5 26. Rxd5 Rxd5 27. Qxd5 Qc2+ 28. Qd2 Qxd2+ 29. Kxd2 Bxc3+ 30. bxc3 Kf8 31. Rb1 Rc7 32. Kd3 Ke7 33. c4 Kd6 34. a4 h5 35. f4 g6 36. Rg1 Rc5 37. e4 h4 38. e5+ Ke6 39. Rh1 Ra5 40. Rxh4 Rxa4 41. Rh8 Kf5 42. Rf8 Kxf4 43. e6 1-0

[Event "VIII Iberoamericano Mexico 2022"]
[Site "Mexico City"]
[Date "2022.02.16"]
[Round "5.36"]
[White "Araya Umana, Carlos"]
[Black "Frey Beckman, Kenneth"]
[Result "0-1"]
[ECO "A47"]
[WhiteElo "1912"]
[BlackElo "2242"]
[Annotator "ChessBase"]
[PlyCount "78"]
[EventDate "2022.02.12"]
[EventType "swiss"]
[EventCountry "MEX"]
[SourceTitle "playchess.com"]
[Source "ChessBase"]
[SourceQuality "1"]
[TimeControl "5400+30"]

1. d4 Nf6 2. Bf4 e6 3. Nf3 c5 4. e3 b6 5. Nbd2 Bb7 6. c3 Be7 7. Be2 Nh5 8. Bg3 d6 9. O-O Nxg3 10. hxg3 Nd7 11. Re1 Rc8 12. Rc1 O-O 13. Bd3 Qc7 14. e4 Bf6 15. Qe2 cxd4 16. cxd4 Qxc1 17. Rxc1 Rxc1+ 18. Kh2 Be7 19. Nc4 d5 20. exd5 Bxd5 21. b3 Nf6 22. Nfe5 b5 23. Ne3 a6 24. Nc2 Rc8 25. Qd2 Rb1 26. f3 Rb2 27. Qc1 Rxa2 28. Qb1 Ra5 29. g4 Bd6 30. Ne3 h6 31. g3 Rc3 32. Nxd5 Nxd5 33. Be4 Bxe5 34. dxe5 b4 35. Bd3 Ne3 36. Bh7+ Kh8 37. Bd3 Rd5 38. Bf1 Rc2+ 39. Kh3 Rd1 0-1

[Event "VIII Iberoamericano Mexico 2022"]
[Site "Mexico City"]
[Date "2022.02.16"]
[Round "5.37"]
[White "Miranda Rodriguez, Tania"]
[Black "Alvidrez Aguirre, Genaro"]
[Result "*"]
[ECO "B76"]
[WhiteElo "2174"]
[BlackElo "1880"]
[Annotator "ChessBase"]
[PlyCount "83"]
[EventDate "2022.02.12"]
[EventType "swiss"]
[EventCountry "MEX"]
[SourceTitle "playchess.com"]
[Source "ChessBase"]
[SourceQuality "1"]
[TimeControl "5400+30"]

1. e4 c5 2. Nf3 d6 3. d4 cxd4 4. Nxd4 Nf6 5. Nc3 g6 6. Be3 Bg7 7. f3 O-O 8. Qd2 Nc6 9. O-O-O d5 10. Nxc6 bxc6 11. Bc4 e6 12. Bb3 Bb7 13. Na4 Qc7 14. Nc5 a5 15. h4 Rfd8 16. Bh6 Bxh6 17. Qxh6 a4 18. Bxa4 Qb6 19. Nxb7 Qxb7 20. Bb3 Qc7 21. Qg5 Nh5 22. e5 c5 23. c4 d4 24. g4 h6 25. Qxh6 Ng3 26. h5 Nxh1 27. hxg6 fxg6 28. Qxg6+ Qg7 29. Qxe6+ Qf7 30. Qxf7+ Kxf7 31. Rxh1 Rh8 32. Re1 Rh2 33. Bc2 Rxa2 34. Kb1 Ra6 35. f4 Rf2 36. f5 Rh6 37. g5 Rhh2 38. e6+ Ke8 39. Ba4+ Ke7 40. f6+ Kd6 41. e7 Rxb2+ 42. Kc1 *

[Event "VIII Iberoamericano Mexico 2022"]
[Site "Mexico City"]
[Date "2022.02.16"]
[Round "5.38"]
[White "Gongora Montes, Benjamin"]
[Black "Hernandez Morales, Dillan"]
[Result "1-0"]
[ECO "A46"]
[WhiteElo "2157"]
[BlackElo "1846"]
[Annotator "NA"]
[PlyCount "61"]
[EventDate "2022.02.12"]
[EventType "swiss"]
[EventCountry "MEX"]
[SourceTitle "playchess.com"]
[Source "ChessBase"]
[SourceQuality "1"]
[TimeControl "5400+30"]

1. d4 Nf6 2. Nf3 e6 3. Bg5 h6 4. Bxf6 Qxf6 5. e4 d6 6. e5 dxe5 7. dxe5 Qf4 8. c3 Bd7 9. Nbd2 Nc6 10. Qe2 g5 11. g3 Qf5 12. Nc4 Bc5 13. Bg2 a6 14. a4 Rd8 15. b4 Ba7 16. b5 Nb8 17. b6 Bxb6 18. Nxb6 cxb6 19. Nd4 Qg6 20. Bxb7 O-O 21. O-O Bc8 22. Be4 $16 f5 23. exf6 Qxf6 24. f4 Qg7 25. fxg5 Rxf1+ 26. Rxf1 hxg5 27. Qh5 Rf8 28. Bh7+ Kh8 29. Rxf8+ Qxf8 30. Be4+ Kg7 31. Qg6+ 1-0

[Event "VIII Iberoamericano Mexico 2022"]
[Site "Mexico City"]
[Date "2022.02.16"]
[Round "5.39"]
[White "Lopez Padilla, Piero Raul"]
[Black "Corrales Jimenez, Zenia"]
[Result "0-1"]
[ECO "D63"]
[WhiteElo "1898"]
[BlackElo "2151"]
[Annotator "ChessBase"]
[PlyCount "94"]
[EventDate "2022.02.12"]
[EventType "swiss"]
[EventCountry "MEX"]
[SourceTitle "playchess.com"]
[Source "ChessBase"]
[SourceQuality "1"]
[TimeControl "5400+30"]

1. d4 d5 2. c4 e6 3. Nc3 Nf6 4. Nf3 Be7 5. Bg5 O-O 6. e3 Nbd7 7. Rc1 c6 8. a3 Re8 9. Bd3 b6 10. cxd5 exd5 11. O-O Ne4 12. Bf4 Nxc3 13. Rxc3 Bb7 14. Ne5 Nxe5 15. Bxe5 c5 16. Bb5 Rf8 17. dxc5 bxc5 18. Qe2 Bd6 19. Bxd6 Qxd6 20. Rd1 Rac8 21. Rcd3 Qe7 22. R3d2 g6 23. Ba6 Rfd8 24. g3 Rd6 25. Bxb7 Qxb7 26. h4 h5 27. Qf3 Rcd8 28. Rc2 Qb6 29. Rcd2 d4 30. Qf4 a5 31. Kg2 Rd5 32. Qe4 Qf6 33. b4 axb4 34. axb4 Re5 35. Qc2 d3 36. Rxd3 Rxd3 37. Qxd3 Qc6+ 38. Kg1 cxb4 39. Qd4 Re4 40. Qd8+ Re8 41. Qd3 Rb8 42. Qb3 Qe6 43. Qxe6 fxe6 44. Kf1 Kf7 45. Ke2 Ke7 46. Kd2 Rd8+ 47. Kc2 b3+ 0-1

[Event "VIII Iberoamericano Mexico 2022"]
[Site "Mexico City"]
[Date "2022.02.16"]
[Round "5.40"]
[White "Paredes Guzman, Francisco Javier"]
[Black "Real Pereyra, Jeronimo"]
[Result "0-1"]
[ECO "E32"]
[WhiteElo "1891"]
[BlackElo "2147"]
[Annotator "NA"]
[PlyCount "88"]
[EventDate "2022.02.12"]
[EventType "swiss"]
[EventCountry "MEX"]
[SourceTitle "playchess.com"]
[Source "ChessBase"]
[SourceQuality "1"]
[TimeControl "5400+30"]

1. d4 Nf6 2. c4 e6 3. Nc3 Bb4 4. Qc2 O-O 5. e4 d5 6. e5 Ne4 7. Bd3 c5 8. Nf3 cxd4 9. Nxd4 Qh4 10. O-O Nxc3 11. bxc3 dxc4 12. Be4 Be7 $14 13. Nf3 Qh5 14. g4 Qxg4+ 15. Kh1 Qh5 16. Rg1 Nd7 17. Rg3 Nc5 18. Bg5 Nxe4 19. Qxe4 Bxg5 20. Rxg5 Qh6 21. Rag1 g6 22. Nd4 Rb8 23. f3 b5 24. Qf4 Qg7 25. R1g3 Rb7 26. Rh3 f6 27. exf6 Qxf6 28. Qxf6 Rxf6 29. Rxb5 e5 30. Rxb7 Bxb7 31. Nb5 Rxf3 32. Rxf3 Bxf3+ 33. Kg1 a5 34. Kf2 Bd5 35. Nc7 Bf7 36. Ke3 Kg7 37. a4 g5 38. Nb5 Bd5 39. Nc7 Bc6 40. Ne6+ Kf6 41. Nc5 g4 42. Kf2 h5 43. Kg3 Kf5 44. Kf2 h4 0-1

[Event "VIII Iberoamericano Mexico 2022"]
[Site "Mexico City"]
[Date "2022.02.16"]
[Round "5.41"]
[White "Martinez de La Trinidad, Alexandra"]
[Black "Guevara Sanchez, Erick Marvin"]
[Result "0-1"]
[ECO "A87"]
[WhiteElo "1843"]
[BlackElo "2145"]
[Annotator "NA"]
[PlyCount "70"]
[EventDate "2022.02.12"]
[EventType "swiss"]
[EventCountry "MEX"]
[SourceTitle "playchess.com"]
[Source "ChessBase"]
[SourceQuality "1"]
[TimeControl "5400+30"]

1. d4 g6 2. Nf3 Bg7 3. g3 f5 4. Bg2 Nf6 5. O-O O-O 6. b3 d6 7. Bb2 Qe8 8. c4 h6 9. Qc2 g5 10. Nc3 Na6 11. Rad1 c6 12. Rfe1 Qh5 13. e4 fxe4 14. Nxe4 Nxe4 15. Qxe4 Bg4 16. Re3 Rf7 17. Rde1 Bf5 18. g4 Bxg4 19. Nd2 Raf8 20. Rg3 Bf5 21. Qe2 Qg6 22. Nf3 Qf6 23. Bc3 Bd7 24. Nd2 Nc7 25. Ne4 Qg6 26. f3 Ne6 27. Qd2 Nf4 28. h4 Nh5 29. Qf2 Bf5 30. hxg5 $19 Bxe4 31. gxh6 Nxg3 32. hxg7 Rxg7 33. d5 Rh7 34. Qd4 Bxf3 35. Re6 Ne2+ 0-1

[Event "VIII Iberoamericano Mexico 2022"]
[Site "Mexico City"]
[Date "2022.02.16"]
[Round "5.42"]
[White "Alfaro, William"]
[Black "Torres Rivas, Felipe de Jesus"]
[Result "1/2-1/2"]
[ECO "D30"]
[WhiteElo "2143"]
[BlackElo "1845"]
[Annotator "NA"]
[PlyCount "65"]
[EventDate "2022.02.12"]
[EventType "swiss"]
[EventCountry "MEX"]
[SourceTitle "playchess.com"]
[Source "ChessBase"]
[SourceQuality "1"]
[TimeControl "5400+30"]

1. d4 d5 2. c4 c6 3. Nf3 Nf6 4. e3 e6 5. b3 Bd6 6. Bd3 O-O 7. Nbd2 Nbd7 8. Bb2 Qe7 9. Ne5 c5 10. O-O b6 11. Qf3 Bb7 12. Qh3 h6 13. Rfd1 Rfd8 14. cxd5 exd5 15. Nxd7 Qxd7 16. Qf3 c4 17. Bf5 Qc7 18. Rac1 b5 19. Qe2 Bc8 20. Bxc8 Raxc8 21. e4 Bxh2+ 22. Kh1 Bf4 23. exd5 Rxd5 24. g3 Qb7 25. Kg1 Bxd2 26. Rxd2 Re8 27. Qf3 cxb3 28. axb3 Qd7 29. Re2 Rxe2 30. Qxe2 a5 31. Rc5 a4 32. Qf3 Qb7 33. Rc1 1/2-1/2

[Event "VIII Iberoamericano Mexico 2022"]
[Site "Mexico City"]
[Date "2022.02.16"]
[Round "5.43"]
[White "Salazar Moreno, Rafael"]
[Black "Vega Garcia, Jorge Arturo"]
[Result "0-1"]
[ECO "A41"]
[WhiteElo "1778"]
[BlackElo "2121"]
[Annotator "ChessBase"]
[PlyCount "88"]
[EventDate "2022.02.12"]
[EventType "swiss"]
[EventCountry "MEX"]
[SourceTitle "playchess.com"]
[Source "ChessBase"]
[SourceQuality "1"]
[TimeControl "5400+30"]

1. d4 g6 2. Nf3 Bg7 3. Bf4 d6 4. e3 Nd7 5. c3 e5 6. dxe5 dxe5 7. Bg3 Qe7 8. Nbd2 Ngf6 9. h3 O-O 10. Be2 Re8 11. O-O h6 12. Qc2 b6 13. Nc4 Nh7 14. Rad1 Nhf8 15. Rfe1 Bb7 16. a4 a5 17. Na3 Nc5 18. Nb5 Be4 19. Qd2 Nb3 20. Nxc7 Nxd2 21. Nxe8 Nxf3+ 22. gxf3 Bc2 23. Rd2 Qxe8 24. Rxc2 Qxa4 25. Rd2 h5 26. Red1 h4 27. Bh2 Qb3 28. Ra1 Qe6 29. Bf1 Nh7 30. Ra4 Ng5 31. Bg2 Qc6 32. Rxh4 Nxf3+ 33. Kh1 e4 34. Rd6 Qxd6 35. Bxd6 Nxh4 36. Bxe4 Rd8 37. Bc7 Rd2 38. Bxb6 Rxb2 39. Bxa5 Rxf2 40. c4 Nf3 41. Bc7 Be5 42. Bxf3 Bxc7 43. Bg2 Re2 44. Kg1 Rxe3 0-1

[Event "VIII Iberoamericano Mexico 2022"]
[Site "Mexico City"]
[Date "2022.02.16"]
[Round "5.44"]
[White "Hernandez Diaz, Paula Sofia"]
[Black "Limon Olmos, Ivan Alonso"]
[Result "1/2-1/2"]
[ECO "E06"]
[WhiteElo "1762"]
[BlackElo "2106"]
[Annotator "ChessBase"]
[PlyCount "125"]
[EventDate "2022.02.12"]
[EventType "swiss"]
[EventCountry "MEX"]
[SourceTitle "playchess.com"]
[Source "ChessBase"]
[SourceQuality "1"]
[TimeControl "5400+30"]

1. c4 e6 2. Nf3 d5 3. d4 Nf6 4. g3 Be7 5. Bg2 O-O 6. O-O c6 7. Qc2 b6 8. Nbd2 Bb7 9. e4 dxc4 10. Nxc4 c5 11. e5 Nd5 12. dxc5 bxc5 13. a3 Nc6 14. Rd1 Rc8 15. b3 h6 16. Bb2 Qc7 17. Rac1 Rfd8 18. h3 Rd7 19. Nd6 Bxd6 20. exd6 Qxd6 21. Qxc5 Qb8 22. Qb5 Rcd8 23. Qe2 Qa8 24. b4 a6 25. Ne5 Nxe5 26. Qxe5 Nf6 27. Rxd7 Rxd7 28. Bxb7 Qxb7 29. Qf4 Ne8 30. Qe3 Nc7 31. Qc3 Ne8 32. Qe3 Qb5 33. Qe1 Qh5 34. h4 Rd3 35. Qe4 Rd1+ 36. Rxd1 Qxd1+ 37. Kg2 Nc7 38. Qe5 Ne8 39. Qe4 Qb3 40. Qa8 Kf8 41. Bxg7+ Kxg7 42. Qxe8 Qxa3 43. Qb8 Qb2 44. Qf4 Qe2 45. Qd4+ e5 46. Qd6 h5 47. Kg1 f6 48. Qe7+ Kg6 49. Kg2 Kf5 50. Qd7+ Ke4 51. Qc6+ Kf5 52. Qd7+ Kg6 53. Qe8+ Kg7 54. Qe7+ Kg6 55. Qe8+ Kf5 56. Qd7+ Ke4 57. Qc6+ Kf5 58. Qd7+ Ke4 59. Qc6+ Kd4 60. Qxf6 Kc3 61. Qd6 Qe4+ 62. Kg1 Qxb4 63. Qxa6 1/2-1/2

[Event "VIII Iberoamericano Mexico 2022"]
[Site "Mexico City"]
[Date "2022.02.16"]
[Round "5.45"]
[White "Davalos Prieto, Abel Justo"]
[Black "Garcia Lopez, Miguel Angel"]
[Result "1-0"]
[ECO "D00"]
[WhiteElo "2103"]
[BlackElo "2262"]
[Annotator "ChessBase"]
[PlyCount "91"]
[EventDate "2022.02.12"]
[EventType "swiss"]
[EventCountry "MEX"]
[SourceTitle "playchess.com"]
[Source "ChessBase"]
[SourceQuality "1"]
[TimeControl "5400+30"]

1. d4 d5 2. Bf4 c5 3. e3 Nc6 4. Nf3 Nf6 5. Nbd2 Bf5 6. c3 e6 7. Qb3 Qc8 8. h3 c4 9. Qd1 b5 10. Nh4 Be7 11. Nxf5 exf5 12. Be2 h6 13. Qc2 O-O 14. O-O Qe6 15. Rae1 Kh8 16. Bd1 g5 17. Bh2 Rg8 18. f3 Rg7 19. e4 f4 20. exd5 Qxd5 21. b3 Nd7 22. bxc4 bxc4 23. Qe4 Nf6 24. Qe2 Rc8 25. Qxc4 Qxc4 26. Nxc4 Nd5 27. Ne5 Ne3 28. Ng4 Nxf1 29. Kxf1 h5 30. Nh6 Ba3 31. Bb3 f6 32. Nf5 h4 33. Nxg7 Kxg7 34. Ke2 Re8+ 35. Kd2 Rxe1 36. Kxe1 Kf8 37. Kd2 Ke7 38. Bg1 a5 39. Ba4 Nd8 40. c4 Ne6 41. Kd3 f5 42. Bf2 Bb4 43. c5 Nc7 44. Kc4 Na6 45. d5 Nc7 46. d6+ 1-0